 Dungeon Crawl Stone Soup version 0.21-b1-23-g1fb0a74 (webtiles) character file.

43 myopia the Sneak (level 3, 0/36 HPs)
             Began as an Octopode Assassin on Jan 5, 2018.
             Succumbed to an adder's poison
             ... on level 2 of the Dungeon.
             The game lasted 00:02:40 (1261 turns).

myopia the Sneak (Octopode Assassin)                Turns: 1261, Time: 00:02:41

Health: 0/36       AC: 21    Str: 10    XL:     3   Next: 58%
Magic:  3/3        EV:  2    Int: 13    God:
Gold:   79         SH:  0    Dex: 14    Spells: 2/2 levels left

rFire    . . .     SeeInvis .   a - +2 dagger
rCold    . . .     Gourm    .   (no shield)
rNeg     + + +     Faith    .   (helmet currently unavailable)
rPois    +         Spirit   .   (no amulet)
rElec    .         Reflect  .   (no ring)
rCorr    .         Harm     .   (no ring)
MR       .....     NoTele   +   (no ring)
Stlth    +++.......             (no ring)
HPRegen  0.12/turn              (no ring)
MPRegen  0.08/turn              (no ring)
                                (no ring)
                                (no ring)

@: lethally poisoned (0 -> -3), tree-form, hasted, very quick
A: almost no armour, stealthy swim, (amphibious), 8 rings, (constrict 8)
a: no special abilities


You were on level 2 of the Dungeon.
You were not hungry.
You were a tree.
You visited 1 branch of the dungeon, and saw 2 of its levels.

You collected 79 gold pieces.

Inventory:

Hand Weapons
 a - a +2 dagger (weapon)
 b - a +0 blowgun
Missiles
 c - 8 poisoned needles
 d - 2 curare-tipped needles
Armour
 m - a +0 large shield
Scrolls
 g - 2 scrolls of identify {unknown}
 h - a scroll of amnesia {unknown}
 i - a scroll of teleportation {unknown}
 n - a scroll of remove curse {unknown}
Potions
 k - a potion of haste
Comestibles
 f - 3 rations
 j - 4 chunks of flesh


   Skills:
 - Level 2.0 Fighting
 + Level 3.0 Short Blades
 - Level 2.0 Throwing
 - Level 1.0 Dodging
 + Level 6.3 Stealth


You had 2 spell levels left.
You didn't know any spells.

Dungeon Overview and Level Annotations

Branches:
Dungeon (2/15)

Altars:
Dithmenos


Innate Abilities, Weirdness & Mutations

You cannot wear most types of armour.
You are very stealthy in the water. (Stealth+)
((You are amphibious.))
You can wear up to eight rings at the same time.
((You can use your tentacles to constrict eight enemies at once.))
((Your skin changes colour to match your surroundings (Stealth+).))
((Your rubbery body absorbs attacks. (AC +1, EV +1)))


Message History

You closely miss the jackal.
* * * LOW HITPOINT WARNING * * *
You feel sick.
The jackal bites you but does no damage. x3
You hit the jackal.
You kill the jackal!
The jackal bites you but does no damage.
You hit the jackal.
The jackal is heavily wounded.
You closely miss the jackal.
The jackal is heavily wounded.
The jackal bites you but does no damage. x3
You hit the jackal.
The jackal is severely wounded.
The jackal bites you but does no damage.
The jackal bites you.
* * * LOW HITPOINT WARNING * * *
You closely miss the jackal.
The jackal is severely wounded.
You die...

.###.....÷....#
.###.#...#....# #.... .#
.#.......# ..# #.... .#
.###.##..########... ..
.................... .
.###.##..####....#.# .#
.###.##..####....#.####.#####
................h#.#........#
........<.......♣h...†..#
####.##.)###....h#.#.#..#
#.##..# #.....#.#.#..#
####.##..# #.#####.#...#.§
..##.##..###.# #.#.##.#.#
#.##.##......# #.#.§ § _.§
#.##.##.####.#####.#.§ §# #§
#....##............#.#
####.##.#........#.#


You could see 3 jackals.

Vanquished Creatures
  2 adders (D:2)
  2 worms (D:2)
  A leopard gecko (D:2)
  A giant cockroach (D:2)
  3 goblins
  2 hobgoblins
  A jackal (D:2)
  A quokka (D:2)
  A bat (D:1)
  A frilled lizard (D:2)
  2 kobolds (D:1)
  3 rats (D:1)
20 creatures vanquished.

Notes
Turn   | Place    | Note
-------+----------+-------------------------------------------
     0 | D:1      | myopia the Octopode Assassin began the quest for the Orb.
     0 | D:1      | Reached XP level 1. HP: 14/14 MP: 1/1
   530 | D:1      | Reached XP level 2. HP: 12/19 MP: 2/2
  1131 | D:2      | Reached skill level 6 in Stealth
  1131 | D:2      | Reached XP level 3. HP: 15/24 MP: 3/3
  1241 | D:2      | Found a shadowy altar of Dithmenos.
  1260 | D:2      | HP: 1/36 [jackal (1)]
  1261 | D:2      | Succumbed to an adder's poison

Skill      XL: |  1  2  3 |
---------------+----------+-----
Stealth        | 6 |  6.3
Short Blades   | 3 |  3.0
Fighting       | |  2.0
Throwing       | |  2.0
Dodging        | |  1.0

Action                   || total
-------------------------++-------
Melee: Dagger            ||    50
       Constrict         ||    10
       Tentacles         ||     6
  Use: Potion            ||     3
 Stab: Sleeping          ||     7
  Eat: Chunk             ||     1
Armor: Skin              ||    13
Dodge: Dodged            ||    20
